 Dungeon Sprint DCSS version 0.28.0-53-g5a82cb258f (webtiles) character file.

Game seed: 5766153575714002204

2851 Zeld the Eclecticist (level 9, -2/45 HPs)
             Began as a Deep Elf Conjurer on June 6, 2022.
             Was a High Priest of Sif Muna.
             Slain by a hellwing (5 damage)
             ... in the Dungeon (Sprint VII: "The Pits").
             The game lasted 00:03:45 (4151 turns).

Zeld the Eclecticist (Deep Elf Conjurer)            Turns: 4151, Time: 00:03:46

Health: -2/45      AC:  5    Str:  4    XL:     9   Next: 46%
Magic:  13/31      EV: 15    Int: 28    God:    Sif Muna [*****.]
Gold:   0          SH:  0    Dex: 13    Spells: 29/40 levels left

rFire   . . .      SeeInvis .   (no weapon)
rCold   . . .      Faith    .   (no shield)
rNeg    . . .      Spirit   .   a - +0 robe
rPois   .          Reflect  .   (no helmet)
rElec   .          Harm     .   s - +0 cloak
rCorr   .          Rampage  .   n - +0 pair of gloves
Will    .....      NoTele   +   q - +0 pair of boots
Stlth   ++........              (no amulet)
HPRegen 0.15/turn               (no ring)
MPRegen 0.22/turn               (no ring)

@: channelling
A: no striking features
a: Renounce Religion, Channel Magic, Forget Spell, Divine Exegesis


You were in the Dungeon.
You worshipped Sif Muna.
Sif Muna was extremely pleased with you.
You visited 1 branch

Inventory:

Armour
 a - a +0 robe (worn)
 n - a +0 pair of gloves (worn)
 q - a +0 pair of boots (worn)
 s - a +0 cloak (worn)
Jewellery
 k - a +3 ring of dexterity
 l - a +3 ring of dexterity
Scrolls
 g - a scroll of blinking
 i - 5 scrolls of amnesia
 j - a scroll of summoning
Potions
 b - 9 potions of curing
 c - 10 potions of heal wounds
 d - 2 potions of haste
 e - 4 potions of magic
 f - 3 potions of berserk rage
 h - 2 potions of invisibility
 p - a potion of brilliance


   Skills:
 - Level 8.0 Dodging
 - Level 2.4 Stealth
 + Level 16.2 Spellcasting
 + Level 14.6 Conjurations
 - Level 2.0 Hexes
 - Level 2.0 Translocations
 - Level 12.0 Invocations


You had 29 spell levels left.
You knew the following spells:

 Your Spells              Type           Power      Damage    Failure   Level
a - Magic Dart            Conj           100%       1d8       0%          1
b - Searing Ray           Conj           100%       2d8       0%          2
c - Fulminant Prism       Conj/Hex       31%        3d16      1%          4
d - Iskenderun's Mystic   Conj/Tloc      62%        2d13      1%          4

Your spell library contained the following spells:

 Spells                   Type           Power      Damage    Failure   Level
 Dazzling Flash           Conj/Hex       100%       N/A       1%          3
 Passwall                 Tmut/Erth      18%        N/A       3%          2
 Wereblood                Tmut           22%        N/A       3%          2
 Irradiate                Conj/Tmut      29%        3d23      3%          5
 Animate Armour           Summ/Erth      44%        N/A       22%         4
 Summon Ice Beast         Ice/Summ       22%        N/A       22%         4
 Malign Gateway           Summ/Tloc      14%        N/A       100%        7


Dungeon Overview and Level Annotations

Branches:
Dungeon (1/1)

Altars:
Ashenzari
Cheibriados
Dithmenos
Elyvilon
Fedhas
Gozag
Hepliaklqana
Kikubaaqudgha
Makhleb
Nemelex Xobeh
Okawaru
Qazlal
Ru
Sif Muna
Trog
Uskayaw
Vehumet
Wu Jian
Xom
Yredelemnul
Zin
The Shining One
Beogh
Jiyva
Lugonu


Message History

You erupt in a blast of force!
The mystic blast hits the hellwing.
The hellwing is almost dead.
The hellwing is knocked back by the mystic blast.
The hellwing slams into the metal wall!
The mystic blast hits the troll.
The troll is almost dead.
The troll is knocked back by the mystic blast.
The troll slams into the large closed door!
You kill the troll!
Sif Muna accepts your kill.
A wolf comes into view.
The hellwing hits you!
* * * LOW HITPOINT WARNING * * *
The hellwing misses you.
Your Spellcasting skill increases to level 16!
Unknown command.
Casting: Iskenderun's Mystic Blast (dangerous; 1% risk of failure)
Confirm with . or Enter, or press ? or * to list all spells.
You erupt in a blast of force!
The mystic blast hits the hellwing but does no damage.
The hellwing is almost dead.
The mystic blast hits the wolf!
The wolf is severely wounded.
The wolf is knocked back by the mystic blast.
The wolf slams into the large closed door!
You kill the wolf!
Sif Muna accepts your kill. The hellwing closely misses you.
The hellwing completely misses you.
Unknown command.
Unknown command.
Casting: Iskenderun's Mystic Blast (dangerous; 1% risk of failure)
Confirm with . or Enter, or press ? or * to list all spells.
You erupt in a blast of force!
The mystic blast hits the river rat!
You kill the river rat!
Sif Muna accepts your kill.
The mystic blast hits the hellwing but does no damage.
The hellwing is almost dead.
The hellwing hits you.
* * * LOW HITPOINT WARNING * * *
The hellwing hits you.
You die...

'#####......#..#......#
....##................#
###'#####'#####†'######
....##.......##''#####
....##.......##......+
#'####.......##......+
.÷..##...<...##†....##
....##.......##...###
....##.......##.@##
######.......##4:#
.#).###########..†......
.#.############++#...#..
.#.#....#..[.# #.....
.#'#....#....# ##...
.#.'....'..))# ..
.#'#....#..))# .
.).#....#..))#


You could see a hellwing.

Vanquished Creatures
  A manticore (D)
  A smoke demon (D)
  A tyrant leech (D)
  A troll (D)
  4 blink frogs (D)
  A redback (D)
  A water moccasin (D)
  A warg (D)
  An ice beast (D)
  A necrophage (D)
  3 wolves (D)
  A bullfrog (D)
  A scorpion (D)
  A wight (D)
  A quasit (D)
  An iron imp (D)
  A gnoll (D)
  A river rat (D)
  An adder (D)
  An ufetubus (D)
  An adder zombie (D)
  A worm (D)
  A ball python (D)
  2 bats (D)
  A giant cockroach (D)
  A goblin (D)
  A quokka (D)
  2 frilled lizards (D)
35 creatures vanquished.

Vanquished Creatures (others)
  2 fulminant prisms (D)
2 creatures vanquished.

Grand Total: 37 creatures vanquished

Notes
Turn   | Place    | Note
-------+----------+-------------------------------------------
     0 | D        | Zeld the Deep Elf Conjurer began the quest for the Orb.
     0 | D        | Reached XP level 1. HP: 10/10 MP: 6/6
   127 | D        | Reached skill level 1 in Hexes
   127 | D        | Reached skill level 1 in Translocations
   128 | D        | Found a bloodstained altar of Trog.
   128 | D        | Found a shimmering blue altar of Sif Muna.
   128 | D        | Found a viscous altar of Jiyva.
   128 | D        | Found a hazy altar of Hepliaklqana.
   128 | D        | Found an opulent altar of Gozag.
   129 | D        | Found a glowing golden altar of the Shining One.
   129 | D        | Found a glowing silver altar of Zin.
   129 | D        | Found a basalt altar of Yredelemnul.
   129 | D        | Found a shimmering altar of Xom.
   129 | D        | Found an ornate altar of the Wu Jian Council.
   129 | D        | Found a sacrificial altar of Ru.
   129 | D        | Found a stormy altar of Qazlal.
   129 | D        | Found an iron altar of Okawaru.
   129 | D        | Found a sparkling altar of Nemelex Xobeh.
   129 | D        | Found a burning altar of Makhleb.
   129 | D        | Found a blossoming altar of Fedhas.
   129 | D        | Found a white marble altar of Elyvilon.
   129 | D        | Found a shadowy altar of Dithmenos.
   129 | D        | Found a snail-covered altar of Cheibriados.
   130 | D        | Found a radiant altar of Vehumet.
   130 | D        | Found a corrupted altar of Lugonu.
   131 | D        | Found an ancient bone altar of Kikubaaqudgha.
   131 | D        | Found a hide-covered altar of Uskayaw.
   131 | D        | Found a broken altar of Ashenzari.
   132 | D        | Became a worshipper of Sif Muna the Loreminder
   610 | D        | Reached * piety under Sif Muna
   611 | D        | Reached skill level 1 in Invocations
   611 | D        | Reached XP level 2. HP: 13/15 MP: 3/8
   615 | D        | Learned a level 2 spell: Searing Ray
   780 | D        | Reached skill level 4 in Spellcasting
   780 | D        | Reached skill level 5 in Conjurations
   908 | D        | Noticed a scorpion
   919 | D        | Reached ** piety under Sif Muna
   920 | D        | Reached skill level 5 in Spellcasting
   920 | D        | Reached XP level 3. HP: 1/19 MP: 0/11
  1299 | D        | Killed a scorpion
  1300 | D        | Reached skill level 7 in Spellcasting
  1300 | D        | Reached skill level 5 in Invocations
  1300 | D        | Reached XP level 4. HP: 9/24 MP: 8/15
  1523 | D        | Learned a level 4 spell: Fulminant Prism
  1528 | D        | Learned a level 4 spell: Iskenderun's Mystic Blast
  1677 | D        | Noticed a water moccasin
  1685 | D        | Reached XP level 5. HP: 28/28 MP: 12/17
  1696 | D        | Reached *** piety under Sif Muna
  1788 | D        | Killed a water moccasin
  1789 | D        | Reached skill level 8 in Spellcasting
  2140 | D        | Reached **** piety under Sif Muna
  2141 | D        | Reached skill level 9 in Spellcasting
  2322 | D        | Reached skill level 5 in Dodging
  2322 | D        | Reached XP level 6. HP: 32/32 MP: 15/20
  2557 | D        | Noticed a tyrant leech
  2557 | D        | Noticed a manticore
  2673 | D        | Noticed a warg
  2673 | D        | Noticed an ice beast
  2677 | D        | Killed an ice beast
  2677 | D        | Reached ***** piety under Sif Muna
  2678 | D        | Reached skill level 10 in Spellcasting
  2678 | D        | Reached XP level 7. HP: 36/36 MP: 15/22
  2679 | D        | Reached skill level 10 in Invocations
  2878 | D        | Received a gift from Sif Muna
  3135 | D        | Got Sif Muna's Grimoire of Mutagenic Companions {god gift}
  3304 | D        | Killed a manticore
  3305 | D        | Reached skill level 11 in Spellcasting
  3305 | D        | Reached skill level 10 in Conjurations
  3305 | D        | Reached XP level 8. HP: 19/41 MP: 11/25
  3595 | D        | Killed a tyrant leech
  3596 | D        | Reached skill level 12 in Spellcasting
  4025 | D        | Noticed a blink frog
  4025 | D        | Noticed a blink frog
  4026 | D        | Noticed a blink frog
  4026 | D        | Noticed a blink frog
  4029 | D        | Killed a blink frog
  4030 | D        | Killed a blink frog
  4030 | D        | Killed a blink frog
  4030 | D        | Killed a blink frog
  4031 | D        | Reached skill level 14 in Spellcasting
  4031 | D        | Reached XP level 9. HP: 35/45 MP: 15/29
  4139 | D        | Noticed a smoke demon
  4140 | D        | Noticed a troll
  4141 | D        | Noticed a hellwing
  4145 | D        | Killed a smoke demon
  4145 | D        | Received a gift from Sif Muna
  4146 | D        | Reached skill level 15 in Spellcasting
  4149 | D        | Killed a troll
  4150 | D        | Reached skill level 16 in Spellcasting
  4151 | D        | Slain by a hellwing

Illustrated notes

Levels and vault maps discovered:
D:        pitsprint [storerooms_1, entrance_room_1, metal_vault_4, armoury_3,
          mini_pit_1, grid_room_1, main_hall_1, silver_pit, the_coven_3,
          the_vestibule_1, steel_vault_4, golden_pit, hallway_of_sentries,
          crystal_vault_4, iron_vault_1, final_vault]

Skill      XL: |  1  2  3  4  5  6  7  8  9 |
---------------+----------------------------+-----
Hexes          | 2 |  2.0
Translocations | 2 |  2.0
Invocations    | 1 3 5 8 9 11 12 | 12.0
Spellcasting   | 5 7 9 10 11 14 16 | 16.2
Conjurations   | 5 7 8 9 10 13 14 | 14.6
Dodging        | 5 6 8 |  8.0
Stealth        | |  2.4

Action                   |  1- 3 |  4- 6 |  7- 9 || total
-------------------------+-------+-------+-------++-------
Melee: Unarmed           |     3 |       |       ||     3
 Cast: Magic Dart        |     9 |     3 |       ||    12
       Searing Ray       |     4 |     9 |     1 ||    14
       Iskenderun's Myst |       |       |    26 ||    26
       Fulminant Prism   |       |       |     2 ||     2
Invok: Channel Magic     |       |       |     2 ||     2
  Use: Potion            |       |     2 |       ||     2
Armor: Robe              |     7 |     3 |     2 ||    12
Dodge: Dodged            |    14 |     9 |    12 ||    35
